 Dungeon Crawl Stone Soup version 0.21-a0-496-g696f58f537 (webtiles) character file.

487 Kaname the Stinger (level 6, -2/41 HPs)
             Began as a Demonspawn Venom Mage on Nov 24, 2017.
             Slain by a mummy (14 damage)
             ... in an ossuary.
             The game lasted 00:11:45 (3585 turns).

Kaname the Stinger (Demonspawn Venom Mage)          Turns: 3585, Time: 00:11:46

Health: -2/41      AC: 10    Str:  9    XL:     6   Next: 89%
Magic:  9/9        EV: 12    Int: 24    God:
Gold:   126        SH:  0    Dex: 13    Spells: 0/9 levels left

rFire    . . .     SeeInvis .   y - +0 quarterstaff of Egegism {protect, *Noise rN+ Int+6}
rCold    . . .     Gourm    .   (shield currently unavailable)
rNeg     + . .     Faith    .   a - +0 robe
rPois    .         Spirit   .   s - +0 helmet
rElec    .         Reflect  .   (no cloak)
rCorr    .         Harm     .   (no gloves)
MR       .....                  (no boots)
Stlth    ++........             k - amulet of regeneration
HPRegen  0.53/turn              h - ring of flight
MPRegen  0.11/turn              (no ring)

@: protection aura
A: claws 1, spiny 2
a: Evoke Flight


You were in an ossuary.
You were not hungry.

You visited 1 branch of the dungeon, and saw 5 of its levels.
You also visited: Ossuary.

You collected 126 gold pieces.

Inventory:

Hand Weapons
 p - a +1 dagger of venom
 y - the +0 quarterstaff of Egegism (weapon) {protect, *Noise rN+ Int+6}
   (You found it on level 4 of the Dungeon)

   It protects the one who uses it against injury (+AC on strike).
   It affects your intelligence (+6).
   It protects you from negative energy.
   It may make noises in combat.
Armour
 a - a +0 robe (worn)
 e - a cursed -2 ring mail
 n - a +3 ring mail of fire resistance
 s - a +0 helmet (worn)
Jewellery
 h - a ring of flight (left claw)
 k - an amulet of regeneration (around neck)
Wands
 m - a wand of digging (8)
Scrolls
 d - a scroll of remove curse
 l - a scroll of noise {unknown}
 q - 3 scrolls of fog
 w - a scroll of fear {unknown}
Potions
 i - 4 potions of agility
 j - a potion of heal wounds {unknown}
 o - 2 potions of lignification {unknown}
 t - a potion of flight {unknown}
 u - 2 potions of cancellation {unknown}
 v - a potion of curing {unknown}
 x - 2 potions of ambrosia {unknown}
 z - a potion of might {unknown}
Books
 b - a Young Poisoner's Handbook

   Spells                             Type                      Level
   a - Sting                          Conjuration/Poison           1
   b - Poisonous Vapours              Poison/Air                   2
   c - Mephitic Cloud                 Conjuration/Poison/Air       3
   d - Olgreb's Toxic Radiance        Poison                       4
   e - Venom Bolt                     Conjuration/Poison           5
Comestibles
 c - 4 bread rations
 g - 2 royal jellies
 r - a meat ration


   Skills:
 - Level 1.7 Dodging
 - Level 1.7 Stealth
 - Level 2.0 Spellcasting
 + Level 3.2 Conjurations
 - Level 2.0 Air Magic
 * Level 6.7 Poison Magic


You couldn't memorise any spells.
You knew the following spells:

 Your Spells              Type           Power        Failure   Level  Hunger
a - Olgreb's Toxic Radia  Pois           ####....     8%          4    #####..
b - Poisonous Vapours     Pois/Air       ###...       3%          2    ##.....
c - Mephitic Cloud        Conj/Pois/Air  ###.....     7%          3    ###....


Dungeon Overview and Level Annotations

Branches:
Dungeon (5/15)
 Temple: D:4-7

Altars:
Elyvilon
Okawaru


Innate Abilities, Weirdness & Mutations

You have sharp fingernails.
You are mostly covered in sharp spines.


Message History

You hit the mummy.
Your weapon exudes an aura of protection.
The mummy is severely damaged.
The mummy hits you!
You hit the mummy.
The mummy is severely damaged.
The mummy closely misses you.
You barely miss the mummy.
The mummy is severely damaged.
You hit the mummy.
The mummy is almost destroyed.
The mummy barely misses you.
You barely miss the mummy.
The mummy is almost destroyed.
The mummy hits you!!
* * * LOW HITPOINT WARNING * * *
You hit the mummy but do no damage.
The mummy is almost destroyed.
The mummy hits you!
You die...

####################
#.........∩∩........
#...................
#...##############..
#...# #.. #...# #..
#...# #.. #...# #..
#..@# .....# #..
#..M# ....# #..
#..(# ....## #..
#...# ..ZM #.. #..(#
#..# #.. #...# #..#
#.. #..(# #..# #..
#...######..######..
#......Z............


You could see a mummy.

Vanquished Creatures
  2 scorpions (D:4)
  2 hounds (D:4)
  2 orc wizards (D:4)
  Ijyb (D:2)
  2 worker ants (D:4)
  A hound skeleton (D:4)
  A mummy (Ossuary)
  4 adders
  An adder zombie (Ossuary)
  An adder skeleton (D:4)
  A worm (D:3)
  5 dart slugs
  2 leopard geckos
  6 orcs (D:4)
  A ball python (D:4)
  5 giant cockroaches
  13 goblins
  5 hobgoblins
  6 jackals
  10 kobolds
  A quokka (D:4)
  7 bats
  5 frilled lizards
  9 hobgoblin zombies (Ossuary)
  A jackal zombie (Ossuary)
  6 kobold zombies (Ossuary)
  8 orc zombies (Ossuary)
  20 rats
128 creatures vanquished.

Notes
Turn   | Place    | Note
-------+----------+-------------------------------------------
     0 | D:1      | Kaname the Demonspawn Venom Mage began the quest for the Orb.
     0 | D:1      | Reached XP level 1. HP: 13/13 MP: 3/3
   126 | D:1      | Gained mutation: You have sharp fingernails. [demonic ancestry]
   126 | D:1      | Reached XP level 2. HP: 17/19 MP: 0/5
   407 | D:1      | Learned a level 2 spell: Poisonous Vapours
   560 | D:1      | Gained mutation: You are partially covered in sharp spines. [demonic ancestry]
   560 | D:1      | Reached XP level 3. HP: 24/24 MP: 3/6
   741 | D:1      | Learned a level 3 spell: Mephitic Cloud
   748 | D:1      | Reached skill level 4 in Poison Magic
  1054 | D:2      | Noticed Ijyb
  1148 | D:2      | Killed Ijyb
  1148 | D:2      | Reached XP level 4. HP: 26/30 MP: 2/7
  1405 | D:2      | Reached skill level 1 in Air Magic
  2261 | D:3      | Reached skill level 5 in Poison Magic
  2411 | D:3      | Found a white marble altar of Elyvilon.
  2469 | D:3      | Gained mutation: You are mostly covered in sharp spines. [demonic ancestry]
  2469 | D:3      | Reached XP level 5. HP: 15/35 MP: 5/8
  2934 | D:4      | Got a slimy quarterstaff
  2935 | D:4      | Identified the cursed +0 quarterstaff of Egegism {protect, *Noise rN+ Int+6} (You found it on level 4 of the Dungeon)
  3127 | D:4      | Reached XP level 6. HP: 41/41 MP: 6/9
  3135 | D:4      | Reached skill level 6 in Poison Magic
  3147 | D:4      | Learned a level 4 spell: Olgreb's Toxic Radiance
  3407 | D:4      | Found an iron altar of Okawaru.
  3464 | D:5      | Entered Level 5 of the Dungeon
  3466 | D:5      | Found a sand-covered staircase.
  3494 | Ossuary  | Entered an ossuary
  3585 | Ossuary  | Slain by a mummy

Vault maps used:
D:1:      erik_arrival_orb_chamber
D:2:      kennysheep_the_goblin_king, minmay_liquid_box
D:3:      elyvilon_altar_3
D:4:      nicolae_overflow_hidden_temple, first_bread, roderic_cross_of_infinity
D:5:      old_standard_altar, grunt_temple_overflow_open,
          minmay_temple_entry_crystal_x, chequers_ossuary_entry_cave,
          grunt_gozag_statues, uniq_edmund, uniq_duvessa, uniq_pikel,
          uniq_grinder, uniq_eustachio
Ossuary:  ossuary_tomb_1

Skill      XL: |  1  2  3  4  5  6 |
---------------+-------------------+-----
Poison Magic   | 4 5 6 |  6.7
Conjurations   | 2 3 |  3.2
Air Magic      | 1 2 |  2.0
Dodging        | |  1.7
Stealth        | |  1.7
Spellcasting   | |  2.0

Action                   |  1- 3 |  4- 6 || total
-------------------------+-------+-------++-------
Melee: Club              |    41 |       ||    41
       Unarmed           |     1 |       ||     1
       Short sword       |    26 |       ||    26
       Dagger            |       |    58 ||    58
       Quarterstaff      |       |    84 ||    84
Throw: Javelin           |       |     3 ||     3
 Cast: Sting             |    46 |       ||    46
       Poisonous Vapours |     3 |    18 ||    21
       Olgreb's Toxic Ra |       |     1 ||     1
  Use: Scroll            |       |     6 ||     6
 Stab: Sleeping          |       |     1 ||     1
  Eat: Chunk             |     1 |    10 ||    11
Armor: Robe              |    16 |    35 ||    51
Dodge: Dodged            |    57 |    81 ||   138

Table legend:
 A = Spawn XP
 B = Non-spawn XP
 C = Spawn XP percentage of total XP
 D = Spawn monster count
 E = Non-spawn monster count
 F = Spawn count percentage of total count
 G = Total turns spent on level
                    A         B        C        D         E        F      G
               +---------+---------+-------+---------+---------+-------+---------
         Total |       0 |     696 |   0.0 |       0 |     128 |   0.0 |  3585
               +---------+---------+-------+---------+---------+-------+---------
           D:1 |       0 |      67 |   0.0 |       0 |      40 |   0.0 |  1106
           D:2 |       0 |      97 |   0.0 |       0 |      31 |   0.0 |   933
           D:3 |       0 |      44 |   0.0 |       0 |       9 |   0.0 |   880
           D:4 |       0 |     440 |   0.0 |       0 |      22 |   0.0 |   545
       Ossuary |       0 |      48 |   0.0 |       0 |      26 |   0.0 |    91
               +---------+---------+-------+---------+---------+-------+---------
